 Dungeon Crawl Stone Soup version 0.17-a0-1767-gccbed74 (webtiles) character file.

4337 Eptagon the Basher (level 10, -3/63 HPs)
             Began as a Gargoyle Fighter on Sept 5, 2015.
             Was an Elder of Okawaru.
             Slain by a crocodile (8 damage)
             ... on level 8 of the Dungeon.
             The game lasted 00:17:20 (6571 turns).

Eptagon the Basher (Gargoyle Fighter)               Turns: 6571, Time: 00:17:20

Health: -3/63      AC: 24    Str: 20    XL:     10   Next: 33%
Magic:  10/10      EV:  5    Int: 10    God:    Okawaru [****..]
Gold:   524        SH:  9    Dex: 11    Spells: 2 memorised, 3 levels left

rFire  . . .     SeeInvis .     a - +1 morningstar
rCold  . . .     Clarity  .     d - +0 chain mail
rNeg   + . .     SustAt   .     c - +0 shield
rPois  ∞         Gourm    .     (no helmet)
rElec  +         Spirit   .     z - +0 cloak
rCorr  .         Warding  .     w - +1 pair of gloves
rMut   .         Stasis   .     (no boots)
MR     +....                    (no amulet)
Stlth  ..........               l - ring of protection from magic
                                A - +3 ring of protection

@: somewhat resistant to hostile enchantments, extremely unstealthy
A: negative energy resistance 1, electricity resistance, unbreathing,
petrification resistance, rot immunity, AC +7
a: Heroism, Renounce Religion


You were on level 8 of the Dungeon.
You worshipped Okawaru.
Okawaru was greatly pleased with you.
You were not hungry.

You visited 1 branch of the dungeon, and saw 8 of its levels.
You also visited: Sewer and Ossuary.

You collected 524 gold pieces.

Inventory:

Hand weapons
 a - a +1 morningstar (weapon)
Armour
 c - a +0 shield (worn)
 d - a +0 chain mail (worn)
 w - a +1 pair of gloves (worn)
 z - a +0 cloak (worn)
Jewellery
 l - a ring of protection from magic (right hand)
 y - a +5 ring of dexterity
 A - a +3 ring of protection (left hand)
 E - an uncursed ring of sustain attributes
Magical devices
 F - a wand of paralysis (12)
Scrolls
 f - 2 scrolls of teleportation
 g - a scroll of amnesia {unknown}
 h - 2 scrolls of enchant armour
 i - a scroll of remove curse
 j - a scroll of recharging
 k - 3 scrolls of random uselessness {unknown}
 m - a scroll of blinking {unknown}
 n - a scroll of magic mapping
 o - 3 scrolls of noise {unknown}
 r - 5 scrolls of fear {unknown}
 u - a scroll of fog {unknown}
 x - 2 scrolls of enchant weapon {unknown}
 I - a scroll of acquirement {unknown}
Potions
 b - a potion of agility
 v - 4 potions of flight {unknown}
 D - 3 potions of curing
 G - 2 potions of magic
 H - 3 potions of brilliance {unknown}
Comestibles
 e - 7 bread rations
 p - a beef jerky
 q - 5 fruits
 s - a chunk of flesh
 t - 2 meat rations


   Skills:
 + Level 7.3 Fighting
 - Level 12.0 Maces & Flails
 + Level 7.3 Armour
 - Level 3.2 Shields


You had 3 spell levels left.
You knew the following spells:

 Your Spells              Type           Power        Failure   Level  Hunger
a - Summon Butterflies    Summ           #.......     100%        1    ##.....
b - Lee's Rapid Deconstr  Erth           #.........   100%        5    ######.


Dungeon Overview and Level Annotations

Branches:
Dungeon (8/15)             Temple (0/1) D:6
   Lair: D:8-11

Altars:
Gozag
Okawaru
Ru
Zin

Shops:
D:5 }   D:6 *


Innate Abilities, Weirdness & Mutations

You are resistant to torment.
Your stone body is resilient (AC +7).
You are immune to poison.
You resist negative energy.
You are resistant to electric shocks.
You can survive without breathing.
You are immune to petrification.
You are immune to rotting.


Message History

The yak is moderately wounded.
The basilisk hisses angrily.
The yak gores you. You block the crocodile's attack.
You block the porcupine's attack.
You closely miss the yak.
The yak is moderately wounded.
The yak gores you but does no damage. You block the yak's attack.
The crocodile bites you but does no damage.
The porcupine bites you but does no damage. x2
The yak gores you but does no damage.
Your shield prevents you from hitting the yak.
The yak is moderately wounded.
The yak gores you but does no damage.
The porcupine bites you but does no damage.
The yak gores you but does no damage. The yak gores you!
* * * LOW HITPOINT WARNING * * *
The porcupine bites you!
* * * LOW HITPOINT WARNING * * *
The crocodile bites you!
You die...

...
##....#÷...###...
.. .# ##.......##
##. ..# #..<....#
...# ##.....##
#...# #.....#
#....###.....##
#............#
##...rYY......#
##.JY@Yr......#
#.rrtYr.##....
#...Y...# #..
#.......## #.
.P..Prr...
.♣..♣..l5.P.
....P.♣......
.P.P.........#


You could see 6 yaks, a basilisk, a crocodile, 3 porcupines, a jelly, 3 river
rats, a shadow imp and a rat.

Vanquished Creatures
  A hill giant (D:6)
  The ghost of Rationalist the Covered, an experienced FoFi (Sewer)
  A wyvern (D:6)
  A water moccasin (D:7)
  Duvessa (D:7)
  An ice beast (D:5)
  Purgy (Sewer)
  An orc warrior (D:6)
  7 centaurs
  A necrophage (D:6)
  A crocodile (D:8)
  3 big kobolds (D:5)
  Dowan (D:7)
  2 giant frogs
  4 water moccasin zombies (Ossuary)
  A wyvern skeleton (D:6)
  6 wights
  2 crimson imps
  A centaur zombie (D:8)
  A gnoll shaman (D:6)
  A quasit (D:6)
  A giant frog zombie (D:7)
  2 iguanas
  2 orc wizards
  Crazy Yiuf (D:4)
  4 orc priests
  3 hounds
  7 worker ants
  A big kobold zombie (Ossuary)
  A hound zombie (D:6)
  2 mummies (Ossuary)
  2 hound skeletons
  A worker ant zombie (D:5)
  21 gnolls
  9 adders
  A river rat (D:4)
  2 shadow imps
  An ooze (D:5)
  8 adder zombies (Ossuary)
  2 adder skeletons (D:6)
  A worm (D:4)
  3 giant geckos
  10 orcs
  7 bats
  5 giant cockroaches
  4 gnoll zombies (Ossuary)
  30 hobgoblins
  7 jackals
  13 kobolds
  3 quokkas
  2 giant gecko skeletons
  A giant gecko zombie (D:6)
  8 giant newts
  25 goblins
  7 kobold zombies (Ossuary)
  7 orc zombies (Ossuary)
  8 rats
251 creatures vanquished.

Vanquished Creatures (others)
  A fungus (D:8)
1 creature vanquished.

Grand Total: 252 creatures vanquished

Notes
Turn   | Place    | Note
--------------------------------------------------------------
     0 | D:1      | Eptagon the Gargoyle Fighter began the quest for the Orb.
     0 | D:1      | Reached XP level 1. HP: 14/14 MP: 1/1
   111 | D:1      | Reached XP level 2. HP: 9/19 MP: 2/2
   715 | D:1      | Reached XP level 3. HP: 23/23 MP: 3/3
   756 | D:2      | Found an iron altar of Okawaru.
   764 | D:2      | Became a worshipper of Warmaster Okawaru
   776 | D:2      | Learned a level 1 spell: Summon Butterflies
   800 | D:2      | Found a sacrificial altar of Ru.
   824 | D:2      | Reached skill level 4 in Maces & Flails
  1085 | D:2      | Reached XP level 4. HP: 28/28 MP: 4/4
  1732 | D:3      | Found a glowing silver altar of Zin.
  2107 | D:4      | Reached skill level 5 in Maces & Flails
  2107 | D:4      | Reached XP level 5. HP: 32/32 MP: 5/5
  2430 | D:4      | Noticed Crazy Yiuf
  2442 | D:4      | Paralysed by Crazy Yiuf for 3 turns
  2449 | D:4      | Killed Crazy Yiuf
  2449 | D:4      | Reached skill level 6 in Maces & Flails
  2449 | D:4      | Reached XP level 6. HP: 15/37 MP: 6/6
  2631 | D:4      | Found a glowing drain.
  2635 | Sewer    | Entered a sewer
  2683 | Sewer    | Noticed Rationalist's ghost (experienced FoFi)
  2684 | Sewer    | Noticed Purgy
  2709 | Sewer    | Killed Rationalist's ghost
  2709 | Sewer    | Acquired Okawaru's first power
  2709 | Sewer    | Reached skill level 7 in Maces & Flails
  2709 | Sewer    | Reached XP level 7. HP: 9/41 MP: 7/7
  2966 | Sewer    | Killed Purgy
  2966 | Sewer    | Reached skill level 8 in Maces & Flails
  3342 | D:5      | Entered Level 5 of the Dungeon
  3343 | D:5      | Found Moheoduf's Gadget Boutique.
  3703 | D:5      | Reached skill level 9 in Maces & Flails
  3708 | D:5      | Reached XP level 8. HP: 43/46 MP: 8/8
  3983 | D:5      | Reached skill level 10 in Maces & Flails
  4482 | D:6      | Reached skill level 11 in Maces & Flails
  4494 | D:6      | Noticed a hill giant
  4497 | D:6      | Reached XP level 9. HP: 51/51 MP: 9/9
  4517 | D:6      | Killed a hill giant
  4525 | D:6      | Reached skill level 5 in Fighting
  4561 | D:6      | Reached skill level 5 in Armour
  4860 | D:6      | Found an opulent altar of Gozag.
  4862 | D:6      | Found Gozag's Platinum Reserve.
  5318 | D:6      | Found a staircase to the Ecumenical Temple.
  5594 | D:6      | Learned a level 5 spell: Lee's Rapid Deconstruction
  5734 | D:7      | Found a sand-covered staircase.
  5739 | Ossuary  | Entered an ossuary
  5839 | Ossuary  | Reached skill level 12 in Maces & Flails
  5839 | Ossuary  | Reached XP level 10. HP: 58/60 MP: 10/10
  6233 | D:7      | Noticed Dowan
  6235 | D:7      | Noticed Duvessa
  6243 | D:7      | Killed Duvessa
  6252 | D:7      | Killed Dowan
  6571 | D:8      | Slain by a crocodile

Vault maps used:
D:1:      eino_arrival_druids_welcome, hangedman_feature_mirror
D:2:      nicolae_overflow_hidden_temple, minmay_tree_intersection,
          okawaru_gym_becter
D:3:      zin_treasury
D:4:      gup_sewer_entry_spiral, uniq_crazy_yiuf_cottage
D:5:      minmay_goblin_kobold_castle, first_bread, serial_shops,
          nicolae_shop_stone, st_stairs_7
D:6:      nicolae_gozag_zags_fifth_avenue, temple_statues
D:7:      enter_ossuary_2, uniq_duvessa
D:8:      minmay_lair_entry_grove, serial_shops, shop
Sewer:    sewer_the_crocodile
Ossuary:  ossuary_tomb_2

Action                   |  1- 3 |  4- 6 |  7- 9 | 10-12 || total
-------------------------+-------+-------+-------+-------++-------
Melee: Flail             |   118 |   204 |   406 |       ||   728
       Morningstar       |       |       |   167 |   155 ||   322
Evoke: Wand              |       |       |       |     3 ||     3
  Use: Scroll            |     2 |       |     6 |     3 ||    11
       Potion            |       |     1 |     1 |     1 ||     3
 Stab: Paralysed         |       |       |       |     5 ||     5
  Eat: Chunk             |       |     6 |    11 |     3 ||    20
